[Event "January 2 Early 2024"]
[Site "https://www.chess.com"]
[Date "2024.01.02"]
[Round "6"]
[White "Kilpatrick, Callum"]
[Black "Gabrielian, Artur"]
[Result "0-1"]
[Board "46"]
[TimeControl "180+1"]
[WhiteFideId "414425"]
[BlackFideId "4131002"]
[WhiteElo "2554"]
[BlackElo "2801"]
[WhiteTeam "ENG"]
[BlackTeam "RUS"]
[WhiteClock "0:00:52"]
[BlackClock "0:00:15"]

1. e4 e5 2. Nc3 Nf6 3. g3 d5 4. exd5 Nxd5 5. Bg2 Nf6 6. Nge2 Nc6 7. O-O h5 8. Re1 h4 9. d4 hxg3 10. Nxg3 Nxd4 11. Rxe5+ Ne6 12. Qxd8+ Kxd8 13. Re1 c6 14. Be3 Kc7 15. a3 Ng4 16. h3 Nxe3 17. Rxe3 Bc5 18. Rf3 Ng5 19. Rd3 Nxh3+ 20. Bxh3 Bxh3 21. Nce4 Be7 22. Re1 Rad8 23. Rf3 Be6 24. Nf5 Bxf5 25. Rxf5 f6 26. Ng5 Rde8 27. Ne6+ Kd7 28. Nf4 Bd6 29. Rd1 Kc7 30. Nd3 Rh4 31. Rd2 Re6 32. Kg2 g6 33. Rf3 f5 34. b4 a5 35. Rh3 Rxh3 36. Kxh3 axb4 37. axb4 b5 38. Kg2 Re4 39. c3 Rc4 40. Rc2 g5 41. Kf3 g4+ 42. Ke3 Re4+ 43. Kd2 f4 44. Rc1 f3 45. Re1 Rxe1 46. Kxe1 Kd7 47. Kd2 Ke6 48. Ne1 Kd5 49. Kd3 c5 50. Nc2 c4+ 51. Ke3 Be5 52. Na3 Bxc3 53. Nxb5 Bxb4 54. Nc7+ Ke5 55. Nb5 Bc5+ 56. Kd2 Bxf2 57. Kc3 g3 0-1

[Event "January 2 Early 2024"]
[Site "https://www.chess.com"]
[Date "2024.01.02"]
[Round "6"]
[White "Manukyan, Artyom"]
[Black "Krzyzanowski, Marcin"]
[Result "0-1"]
[Board "47"]
[TimeControl "180+1"]
[WhiteFideId "13305786"]
[BlackFideId "1132199"]
[WhiteElo "2542"]
[BlackElo "2780"]
[WhiteTeam "ARM"]
[BlackTeam "POL"]
[WhiteClock "0:01:46"]
[BlackClock "0:02:26"]

1. e4 e5 2. Nf3 Nc6 3. d4 exd4 4. Nxd4 Nf6 5. Nxc6 bxc6 6. e5 Qe7 7. Qe2 Nd5 8. h4 Qe6 9. c4 Nb6 10. g3 d6 11. exd6 cxd6 12. b3 Be7 13. Qxe6 Bxe6 14. Bg2 d5 15. cxd5 cxd5 16. O-O Bf6 17. Nc3 Bxc3 18. Rb1 Bf5 19. Ba3 Bxb1 20. Rxb1 O-O-O 21. Rc1 d4 0-1

[Event "January 2 Early 2024"]
[Site "https://www.chess.com"]
[Date "2024.01.02"]
[Round "6"]
[White "Carre, Sylvain"]
[Black "Wagner, Dennis"]
[Result "0-1"]
[Board "48"]
[TimeControl "180+1"]
[WhiteFideId "642118"]
[BlackFideId "24650684"]
[WhiteElo "2431"]
[BlackElo "2754"]
[WhiteTeam "FRA"]
[BlackTeam "GER"]
[WhiteClock "0:00:06"]
[BlackClock "0:00:11"]

1. d4 Nf6 2. Bf4 d5 3. e3 c5 4. c3 Nc6 5. Nd2 Bf5 6. Ngf3 Qb6 7. Qb3 c4 8. Qxb6 axb6 9. a3 h6 10. h3 e6 11. g4 Bh7 12. Bg2 Bd3 13. Bf1 Bh7 14. Bg2 b5 15. Rc1 Nd7 16. Nh2 Be7 17. O-O Nb6 18. e4 Bg5 19. Bxg5 hxg5 20. Rfe1 Kd7 21. Nhf1 Ne7 22. Ne3 Kd6 23. Nf3 f6 24. e5+ Kd7 25. Re2 Ng6 26. Rd2 Nf4 27. Re1 Be4 28. exf6 gxf6 29. Nf1 Nxh3+ 30. Bxh3 Rxh3 31. N3h2 Rah8 32. Re3 Nc8 33. Rxh3 Rxh3 34. Re2 Nd6 35. Re3 Rh4 36. f3 Bd3 37. Kg2 f5 38. Re1 f4 39. Nd2 Nf7 40. Nhf1 Kd6 41. Ra1 Rh8 42. a4 Ra8 43. a5 Nd8 44. b4 Nf7 45. Nh2 e5 46. Nhf1 e4 47. fxe4 dxe4 48. Nb1 e3 49. Nxe3 fxe3 50. Kf3 e2 51. Nd2 Re8 52. Kf2 Kd5 53. Re1 Nd6 54. Nf3 Ne4+ 55. Kg1 Rf8 56. Kg2 Nxc3 57. Kg1 Rxf3 58. Kg2 Rf1 59. a6 bxa6 60. Kg3 Rxe1 61. Kf3 Rf1+ 62. Kg2 e1=Q 0-1

[Event "January 2 Early 2024"]
[Site "https://www.chess.com"]
[Date "2024.01.02"]
[Round "6"]
[White "Oganian, Miran"]
[Black "Przybylski, Wojciech"]
[Result "1-0"]
[Board "49"]
[TimeControl "180+1"]
[WhiteFideId "4122488"]
[BlackFideId "1117599"]
[WhiteElo "2745"]
[BlackElo "2539"]
[WhiteTeam "RUS"]
[BlackTeam "POL"]
[WhiteClock "0:01:30"]
[BlackClock "0:00:02"]

1. e4 e5 2. Nf3 Nc6 3. Nc3 Nf6 4. d4 exd4 5. Nxd4 Bb4 6. Nxc6 bxc6 7. Bd3 d5 8. exd5 O-O 9. O-O cxd5 10. h3 c6 11. Qf3 Re8 12. Bf4 Bd6 13. Rfe1 Be6 14. Ne2 Rb8 15. b3 Qc7 16. Bxd6 Qxd6 17. Qg3 Qxg3 18. Nxg3 g6 19. f4 Bd7 20. c4 d4 21. Re5 Be6 22. Rae1 Red8 23. f5 gxf5 24. Nxf5 Rd7 25. Rf1 Ne8 26. Rf4 Bxf5 27. Rexf5 h6 28. Rh5 Kg7 29. Rg4+ Kf8 30. Rxh6 c5 31. Rh8+ Ke7 32. Re4+ Kf6 33. Rhxe8 Rb6 34. R8e5 Rc7 35. g4 a5 36. Rf5+ Kg7 37. Ree5 Re6 38. Rg5+ Kf6 39. Rgf5+ Ke7 40. Rxc5 Rxc5 41. Rxc5 Re3 42. Bf1 Ke6 43. Rd5 Rc3 44. Rxd4 Rc2 45. Re4+ Kd6 46. Re2 Rc3 47. Rf2 Ke7 48. Kg2 a4 49. bxa4 Ra3 50. Rc2 Rxa4 51. c5 Kd8 52. c6 Kc7 53. Be2 f6 54. h4 Rb4 55. h5 Rb8 56. Bd3 Rd8 57. Bf5 Ra8 58. h6 Rh8 59. h7 Re8 60. a4 Rd8 61. a5 Rh8 62. a6 Ra8 63. a7 Rh8 64. Ra2 Ra8 65. h8=N Kxc6 66. Nf7 Kc5 67. Be4 Rg8 68. a8=Q Rxg4+ 69. Kh2 Rh4+ 70. Kg3 Rh5 71. Qc6+ Kd4 72. Rd2+ Ke3 73. Qc3+ Kxe4 74. Qf3# 1-0

[Event "January 2 Early 2024"]
[Site "https://www.chess.com"]
[Date "2024.01.02"]
[Round "6"]
[White "Skurikhin, Dmitrij"]
[Black "Goltsev, Dmitry"]
[Result "0-1"]
[Board "50"]
[TimeControl "180+1"]
[WhiteFideId "4161297"]
[BlackFideId "24176710"]
[WhiteElo "2284"]
[BlackElo "2740"]
[WhiteTeam "RUS"]
[BlackTeam "RUS"]
[WhiteClock "0:00:11"]
[BlackClock "0:00:06"]

1. d4 e6 2. Nf3 d5 3. c4 c5 4. Nc3 Nf6 5. e3 Nc6 6. a3 cxd4 7. exd4 dxc4 8. Bxc4 a6 9. d5 exd5 10. Nxd5 Nxd5 11. Bxd5 Be7 12. O-O O-O 13. Be3 Bg4 14. Qb3 Rc8 15. Rfd1 Qc7 16. Rac1 Bf6 17. h3 Bh5 18. Rd2 Qb8 19. Bc5 Bxf3 20. Bxf3 Nd4 21. Qd1 Nxf3+ 22. gxf3 Rfe8 23. Bd6 Qa8 24. Bg3 b5 25. Kg2 Rcd8 26. Rcc2 Qb7 27. b3 h6 28. Rxd8 Rxd8 29. Rd2 Re8 30. a4 Qc6 31. axb5 Qxb5 32. Rd5 Qb4 33. Qd3 a5 34. Rb5 Qe1 35. Qd5 Rc8 36. Rb7 Rc1 37. Qxf7+ Kh7 38. f4 Qh1# 0-1

[Event "January 2 Early 2024"]
[Site "https://www.chess.com"]
[Date "2024.01.02"]
[Round "6"]
[White "Filippova, Margarita"]
[Black "Martinez Alcantara, Jose Eduardo"]
[Result "0-1"]
[Board "51"]
[TimeControl "180+1"]
[WhiteFideId "34199680"]
[BlackFideId "3805662"]
[WhiteElo "2334"]
[BlackElo "3048"]
[WhiteTeam "RUS"]
[BlackTeam "PER"]
[WhiteClock "0:00:00"]
[BlackClock "0:01:08"]

1. e4 c5 2. Nf3 d6 3. d4 cxd4 4. Qxd4 a6 5. Be3 Nf6 6. Nc3 Nc6 7. Qd2 Bg4 8. Nd4 e5 9. Nb3 h6 10. f3 Be6 11. O-O-O Be7 12. Kb1 Rc8 13. g4 Nd7 14. Nd5 Bxd5 15. exd5 Ncb8 16. Bd3 Nf6 17. Be4 Nbd7 18. h4 Nxe4 19. fxe4 Nf6 20. Qg2 h5 21. g5 Ng4 22. Bg1 O-O 23. Rh3 f6 24. Be3 g6 25. gxf6 Bxf6 26. Bf2 Qc7 27. c3 b5 28. Nd2 b4 29. c4 Bg7 30. Bg1 Bh6 31. b3 a5 32. Nf3 a4 33. Ng5 Bxg5 34. hxg5 axb3 35. axb3 Ra8 36. Qb2 Ra3 37. Kc2 Rfa8 38. Kd3 Qf7 39. Be3 Ra2 40. Qc1 R8a3 41. Qb1 Nxe3 42. Rxe3 Qf2 43. c5 Rb2 44. Qxb2 Qxb2 45. Rd2 Qxb3+ 46. Ke2 Qxe3+ 0-1

[Event "January 2 Early 2024"]
[Site "https://www.chess.com"]
[Date "2024.01.02"]
[Round "6"]
[White "Rasulov, Vugar"]
[Black "Andrews, Todd"]
[Result "1-0"]
[Board "52"]
[TimeControl "180+1"]
[WhiteFideId "13402390"]
[BlackFideId "2012456"]
[WhiteElo "2962"]
[BlackElo "2618"]
[WhiteTeam "AZE"]
[BlackTeam "USA"]
[WhiteClock "0:01:02"]
[BlackClock "0:00:00"]

1. a3 d5 2. b4 Bf5 3. Bb2 e6 4. g3 Nf6 5. Bg2 c6 6. Nf3 h6 7. O-O Be7 8. d3 O-O 9. c4 Nbd7 10. Nc3 a5 11. b5 Re8 12. bxc6 bxc6 13. Nd4 Qb6 14. Na4 Qc7 15. cxd5 cxd5 16. Rc1 Qb7 17. Nxf5 exf5 18. Rb1 Qc6 19. Rc1 Qb7 20. Bxf6 Nxf6 21. Nc5 Qb6 22. d4 Ne4 23. a4 Rad8 24. Nxe4 fxe4 25. e3 Rc8 26. Rb1 Bb4 27. Qh5 Red8 28. Bh3 Rc2 29. Rbc1 Qc6 30. Rxc2 Qxc2 31. Qd1 Qc6 32. Qb3 g6 33. Rb1 Rb8 34. Bf1 Rc8 35. Bb5 Qc2 36. Ba6 Qxb3 37. Rxb3 Rc1+ 38. Kg2 Ra1 39. Bb7 Rxa4 40. Bxd5 Kg7 41. Bxe4 Ra2 42. Bd5 Be1 43. Kf1 Ra1 44. Ke2 a4 45. Rb7 a3 46. Rxf7+ Kh8 47. Ra7 Bb4 48. h4 h5 49. Kf3 Rf1 50. Bc4 Rc1 51. Bd3 Rc6 52. d5 Rf6+ 53. Ke2 Rd6 54. e4 1-0

[Event "January 2 Early 2024"]
[Site "https://www.chess.com"]
[Date "2024.01.02"]
[Round "6"]
[White "Grycel, Kamil"]
[Black "Yeletsky, Ivan"]
[Result "1/2-1/2"]
[Board "53"]
[TimeControl "180+1"]
[WhiteFideId "1115499"]
[BlackFideId "24180327"]
[WhiteElo "2616"]
[BlackElo "2851"]
[WhiteTeam "POL"]
[BlackTeam "RUS"]
[WhiteClock "0:00:23"]
[BlackClock "0:00:12"]

1. d4 Nf6 2. Nf3 d5 3. Bf4 Bf5 4. e3 e6 5. c4 Bxb1 6. Rxb1 Bb4+ 7. Ke2 Bd6 8. Bg3 dxc4 9. Qa4+ Nbd7 10. Qxc4 O-O 11. Nd2 e5 12. Bh4 Re8 13. Ne4 exd4 14. Nxf6+ Nxf6 15. Qxd4 Re5 16. Rd1 Qe7 17. Bxf6 Qxf6 18. g3 Bc5 19. Qc3 Rae8 20. Bg2 Qa6+ 21. Rd3 Bxe3 22. fxe3 Rxe3+ 23. Kd2 Re2+ 24. Kc1 Rxg2 25. Kb1 h6 26. Rhd1 Qb5 27. Rd5 Qe2 28. R5d2 Qe4+ 29. Ka1 c6 30. a3 Rxd2 31. Rxd2 Re7 32. Rd8+ Kh7 33. Rd2 b6 34. Rd4 Qe1+ 35. Qxe1 Rxe1+ 36. Ka2 Re7 37. Kb3 f5 38. Kc3 Kg6 39. Rd6+ Kg5 40. Rxc6 Kg4 41. Rg6+ Kh3 42. Kd4 Kxh2 43. Kd5 Kh3 44. Kd6 Rf7 45. Ke5 Kg2 46. b4 Kf3 47. a4 Kg2 48. a5 bxa5 49. bxa5 Kh3 50. Kf4 Rb7 51. a6 Rf7 52. Kf3 h5 53. Kf4 h4 54. gxh4 Kxh4 55. Rg1 Kh5 56. Rg5+ Kh6 57. Rg2 g6 58. Ke5 g5 59. Rh2+ Kg6 60. Rb2 g4 61. Rb7 g3 62. Kf4 g2 63. Rb1 Kf6 64. Rg1 Rg7 65. Kf3 Rg4 66. Kf2 Kg5 67. Kf3 f4 68. Kf2 Rg3 69. Re1 g1=Q+ 70. Rxg1 Rxg1 71. Kxg1 Kf5 72. Kf2 Ke4 73. Ke2 f3+ 74. Kf2 Kf4 75. Kf1 Ke3 76. Ke1 Kf4 77. Kf2 Ke4 78. Kf1 Kd5 79. Kf2 Kc5 80. Kxf3 Kb5 81. Ke2 Kxa6 82. Kd1 Kb5 83. Kc1 Kb4 84. Kb1 Kb3 85. Ka1 a5 86. Kb1 a4 87. Ka1 a3 88. Kb1 a2+ 89. Ka1 Ka3 1/2-1/2

[Event "January 2 Early 2024"]
[Site "https://www.chess.com"]
[Date "2024.01.02"]
[Round "6"]
[White "Finek, Vaclav"]
[Black "Manukian, Artak"]
[Result "1-0"]
[Board "54"]
[TimeControl "180+1"]
[WhiteFideId "23718293"]
[BlackFideId "13301373"]
[WhiteElo "2843"]
[BlackElo "2612"]
[WhiteTeam "CZE"]
[BlackTeam "ARM"]
[WhiteClock "0:01:18"]
[BlackClock "0:01:10"]

1. d4 d5 2. c4 dxc4 3. Nf3 Nf6 4. e3 e6 5. Bxc4 c5 6. O-O a6 7. dxc5 Bxc5 8. Qxd8+ Kxd8 9. Be2 Ke7 10. Nc3 Rd8 11. Nd2 Kf8 12. Nb3 Be7 13. Bf3 Nc6 14. Bd2 Nd5 15. Nxd5 exd5 16. Bc3 Be6 17. Rfd1 Rac8 18. Rd2 b6 19. Kf1 a5 20. Be2 Bb4 21. Bxb4+ Nxb4 22. Nd4 Rc5 23. a3 Nc6 24. Nb3 Ke7 25. Nxc5 bxc5 26. Rc1 c4 27. b3 Ne5 28. bxc4 Nxc4 29. Bxc4 dxc4 30. Rxd8 Kxd8 31. Ke2 Kc7 32. Kd2 Kb6 33. Rb1+ Kc5 34. Kc3 Bd5 35. f3 f5 36. Rb8 g6 37. Rh8 h5 38. Rh6 Kb5 39. Rxg6 Ka4 40. Ra6 h4 41. Ra7 h3 42. gxh3 Bxf3 43. Kxc4 1-0

[Event "January 2 Early 2024"]
[Site "https://www.chess.com"]
[Date "2024.01.02"]
[Round "6"]
[White "Ilamparthi A R"]
[Black "Luo, Terry"]
[Result "1-0"]
[Board "55"]
[TimeControl "180+1"]
[WhiteFideId "45015775"]
[BlackFideId "30931045"]
[WhiteElo "2827"]
[BlackElo "2609"]
[WhiteTeam "IND"]
[BlackTeam "USA"]
[WhiteClock "0:00:19"]
[BlackClock "0:00:31"]

1. d4 Nf6 2. Nf3 e6 3. Bf4 d5 4. e3 Be7 5. Nbd2 b6 6. Be2 O-O 7. O-O Bb7 8. Re1 c5 9. c3 Nc6 10. Bd3 Bd6 11. Ne5 Qc7 12. Ndf3 Ne4 13. Nxc6 Bxc6 14. Bxd6 Qxd6 15. Ne5 Bb7 16. Bxe4 dxe4 17. a4 f6 18. Nc4 Qd5 19. Nd2 cxd4 20. cxd4 Rfc8 21. a5 bxa5 22. Nb3 a4 23. Nc5 Bc6 24. Nxa4 Bxa4 25. Qxa4 Rcb8 26. Qa3 Rb3 27. Qe7 Rb7 28. Qa3 Rb3 29. Qa2 a5 30. Rec1 a4 31. Rc5 Qb7 32. Rac1 Qb4 33. h3 Kf7 34. Rc7+ Kg6 35. Qb1 Rd3 36. R7c3 a3 37. Rxd3 a2 38. Qc2 a1=Q 39. Rxa1 Rxa1+ 40. Rd1 Rxd1+ 41. Qxd1 Qxb2 42. Qg4+ Kf7 43. Qxe4 Qc1+ 44. Kh2 Qc7+ 45. g3 g6 46. Kg2 Qd7 47. h4 h5 48. Qf4 Kg7 49. Qb8 Qd5+ 50. Kg1 Qf3 51. Qc7+ Kh6 52. Qd8 Kg7 53. Qe7+ Kh6 54. Qf8+ Kh7 55. Qf7+ Kh6 56. Qxe6 Qd1+ 57. Kg2 1-0

[Event "January 2 Early 2024"]
[Site "https://www.chess.com"]
[Date "2024.01.02"]
[Round "6"]
[White "ilqar_74"]
[Black "Teterev, Vitaly"]
[Result "0-1"]
[Board "56"]
[TimeControl "180+1"]
[BlackFideId "13501429"]
[WhiteElo "2785"]
[BlackElo "2594"]
[BlackTeam "BLR"]
[WhiteClock "0:00:04"]
[BlackClock "0:00:03"]

1. e4 c5 2. Nf3 d6 3. d4 cxd4 4. Nxd4 Nf6 5. Nc3 a6 6. Be2 e6 7. g4 b5 8. g5 Nfd7 9. a3 Bb7 10. Be3 Nb6 11. h4 N8d7 12. f4 Rc8 13. Qd2 Rxc3 14. bxc3 Bxe4 15. Rg1 Qc7 16. h5 g6 17. Bd3 Nc4 18. Bxc4 Qxc4 19. Nb3 Bg7 20. Bd4 e5 21. fxe5 Nxe5 22. O-O-O O-O 23. hxg6 hxg6 24. Qf4 Bf5 25. Rh1 Rc8 26. Qh4 a5 27. Bxe5 Bxe5 28. Qxc4 Rxc4 29. Nd4 Bxd4 30. Rxd4 Rxc3 31. Rh2 Rxa3 32. Rxd6 Kf8 33. Re2 Be6 34. Rb6 b4 35. Re5 Rc3 36. Kb2 Ra3 37. Rbb5 Rg3 38. Rxa5 Bf5 39. Rec5 Rxg5 40. Rab5 Rg4 41. Rb7 Kg7 42. Rcc7 Be6 43. Rb6 Re4 44. Rcb7 b3 45. cxb3 g5 46. Rb4 Re2+ 47. Kc3 g4 48. Kd3 Re1 49. Kd2 Re5 50. R7b5 Kf6 51. Rxe5 Kxe5 52. Ke3 f5 53. Rb5+ Bd5 54. Rb4 g3 55. Rh4 Kf6 56. b4 Kg5 57. Rd4 f4+ 58. Ke2 f3+ 59. Ke3 Bb7 60. Rd7 f2 61. Rf7 Kg4 62. b5 Kh3 63. b6 Kg2 64. Ke2 Ba6+ 65. Kd2 f1=Q 66. Rxf1 Kxf1 67. Ke3 g2 0-1

[Event "January 2 Early 2024"]
[Site "https://www.chess.com"]
[Date "2024.01.02"]
[Round "6"]
[White "Dragun, Kamil"]
[Black "Aswath, S"]
[Result "0-1"]
[Board "57"]
[TimeControl "180+1"]
[WhiteFideId "1134167"]
[BlackFideId "46694919"]
[WhiteElo "2781"]
[BlackElo "2588"]
[WhiteTeam "POL"]
[BlackTeam "IND"]
[WhiteClock "0:00:00"]
[BlackClock "0:00:23"]

1. d4 Nf6 2. c4 e6 3. Nf3 d5 4. Nc3 c6 5. e3 Nbd7 6. Be2 b6 7. O-O Bb7 8. b3 Bd6 9. Bb2 O-O 10. Bd3 Qe7 11. Re1 e5 12. e4 exd4 13. Nxd4 dxe4 14. Nf5 Qe5 15. Nxd6 Qxd6 16. Nxe4 Nxe4 17. Bxe4 Qxd1 18. Raxd1 Nc5 19. Bf3 Rfd8 20. Ba3 Ne6 21. h4 Nd4 22. Be4 Ne2+ 23. Kf1 Rxd1 24. Rxd1 Nc3 25. Rd7 Nxe4 26. Rxb7 Nc3 27. Bc1 Rd8 28. Bd2 Ne4 29. Be3 h5 30. Rxa7 Nc3 31. g3 Rd1+ 32. Kg2 b5 33. cxb5 cxb5 34. a4 Rb1 35. axb5 Nxb5 36. Ra8+ Kh7 37. Rf8 Kg6 38. Rb8 Rxb3 39. Rb7 Nd4 40. Rxb3 Nxb3 41. Kf3 Kf5 42. Bb6 Nd2+ 43. Ke2 Nc4 44. Bd4 g6 45. f3 Nb6 46. Kd3 Nd5 47. Ke2 Nc7 48. Kd3 Ne6 49. Be3 f6 50. Ke2 g5 51. Kd3 g4 52. Ke2 Nc7 53. Kf2 Nd5 54. Bd4 Nb4 55. fxg4+ hxg4 56. Bc3 Nd5 57. Bd4 Ke4 58. Bb2 Kf5 59. Ba1 Nc7 60. Bc3 Ne6 61. Ba1 Nc5 62. Bd4 Ne4+ 63. Kg2 Kg6 64. Ba1 f5 65. Bd4 Kf7 66. Be3 Kg6 67. Bf4 Nf6 68. Kf1 Nh5 69. Be5 Kf7 70. Ke2 Ke6 71. Bb8 Kd5 72. Ke3 Kc4 73. Bc7 Kc3 74. Be5+ Kc4 75. Bb8 Kc3 76. Bc7 Kc4 77. Be5 Kd5 78. Bf4 Ke6 79. Bb8 Kf6 80. Kd4 Ke6 81. Bc7 Ng7 82. Bf4 Nh5 83. Be5 Kf7 84. Ke3 Ke6 85. Bf4 Kd5 86. Bb8 Kc4 87. Bf4 Kc3 88. Be5+ Kc2 89. Bf4 Kd1 90. Be5 Ke1 91. Kd4 Kf2 92. Bd6 Kf3 93. Be5 Nxg3 94. Bxg3 Kxg3 95. h5 f4 96. h6 f3 97. h7 f2 98. h8=Q f1=Q 99. Ke3 Qf3+ 100. Kd2 Kg2 101. Qh4 g3 0-1

[Event "January 2 Early 2024"]
[Site "https://www.chess.com"]
[Date "2024.01.02"]
[Round "6"]
[White "Veljanoski, Andrej"]
[Black "Suyarov, Mukhammadzokhid"]
[Result "1-0"]
[Board "58"]
[TimeControl "180+1"]
[WhiteFideId "15003604"]
[BlackFideId "14210495"]
[WhiteElo "2591"]
[BlackElo "2767"]
[WhiteTeam "MKD"]
[BlackTeam "UZB"]
[WhiteClock "0:00:54"]
[BlackClock "0:00:00"]

1. Nf3 d5 2. b3 c5 3. e3 Nc6 4. Bb2 Nf6 5. d4 cxd4 6. exd4 Bg4 7. h3 Bh5 8. Bd3 e6 9. O-O Bd6 10. a3 O-O 11. c4 Ne4 12. cxd5 exd5 13. Nc3 Bxf3 14. Qxf3 Nxd4 15. Qh5 Nf6 16. Qd1 Ne6 17. Qf3 Re8 18. Rad1 Nd4 19. Bxh7+ Kxh7 20. Rxd4 Be5 21. Rd3 Kg8 22. Rfd1 Qb6 23. Nxd5 Nxd5 24. Bxe5 Rxe5 25. Rxd5 Rxd5 26. Qxd5 Re8 27. b4 Qc7 28. Qd6 Qc2 29. Qd2 Qc7 30. Re1 Rd8 31. Qe3 b6 32. Qe7 Rd7 33. Qe8+ Kh7 34. Qe4+ g6 35. g3 Kg7 36. Kg2 Qc3 37. Re3 Qf6 38. Rf3 Qb2 39. h4 a5 40. bxa5 bxa5 41. h5 gxh5 42. Qf5 Qd2 43. Qxh5 Qd5 44. Qg4+ Kf8 45. Kh2 Re7 46. Rf5 Qe6 47. Qf4 Kg8 48. Rg5+ Kh7 49. Rh5+ Kg8 50. Rxa5 Qg6 51. Rg5 1-0

[Event "January 2 Early 2024"]
[Site "https://www.chess.com"]
[Date "2024.01.02"]
[Round "6"]
[White "Hammer, Jon Ludvig"]
[Black "Aggelis, Nikolaos"]
[Result "1-0"]
[Board "59"]
[TimeControl "180+1"]
[WhiteFideId "1503707"]
[BlackFideId "4213220"]
[WhiteElo "2765"]
[BlackElo "2582"]
[WhiteTeam "NOR"]
[BlackTeam "GRE"]
[WhiteClock "0:00:10"]
[BlackClock "0:00:12"]

1. e4 c6 2. Nf3 d5 3. Nc3 Bg4 4. h3 Bxf3 5. Qxf3 e6 6. d4 dxe4 7. Qxe4 Nf6 8. Qd3 Nbd7 9. g3 Bd6 10. Bg2 Qc7 11. O-O O-O 12. Rb1 e5 13. d5 c5 14. Nb5 Qb8 15. Nxd6 Qxd6 16. c4 Rfe8 17. Qc2 a6 18. Re1 b5 19. b3 b4 20. Bd2 a5 21. Re2 a4 22. Rbe1 axb3 23. axb3 Kf8 24. f4 exf4 25. Bxf4 Qa6 26. Rxe8+ Rxe8 27. Rxe8+ Kxe8 28. Kh2 Qa1 29. Qe2+ Kd8 30. d6 Qc3 31. Qe7+ Kc8 32. g4 Qxb3 33. g5 Qxc4 34. Bg3 Qe6 35. gxf6 Qxe7 36. fxe7 Nf6 37. Bc6 b3 38. e8=Q+ Nxe8 39. d7+ Kd8 40. dxe8=Q# 1-0

[Event "January 2 Early 2024"]
[Site "https://www.chess.com"]
[Date "2024.01.02"]
[Round "6"]
[White "AmanteDeMoi"]
[Black "Garcia Ramos, Daniel"]
[Result "1/2-1/2"]
[Board "60"]
[TimeControl "180+1"]
[BlackFideId "32010311"]
[WhiteElo "2570"]
[BlackElo "2758"]
[BlackTeam "ESP"]
[WhiteClock "0:00:38"]
[BlackClock "0:00:24"]

1. Nf3 g6 2. e3 Bg7 3. c4 c5 4. Nc3 Nc6 5. Be2 e6 6. O-O Nge7 7. d4 cxd4 8. Nxd4 O-O 9. Nxc6 Nxc6 10. Qc2 d5 11. cxd5 exd5 12. Rd1 d4 13. Nb5 Bf5 14. e4 Be6 15. Bf4 Rc8 16. Nd6 Rc7 17. Nxb7 Rxb7 18. Qxc6 Rxb2 19. Bc4 Qc8 20. Qxc8 Rxc8 21. Bxe6 fxe6 22. e5 Rc4 23. h4 Bf8 24. a4 a5 25. Rd3 Bc5 26. Bg3 Rc3 27. Rdd1 d3 28. Kf1 Kf7 29. Rac1 Rcc2 30. Ra1 Rb3 31. Rab1 Rxb1 32. Rxb1 Bb4 33. Rd1 d2 34. Bf4 Ra2 35. g3 Ke7 36. Ke2 Rxa4 37. Bxd2 Ra2 38. Kd3 Rxd2+ 39. Rxd2 Bxd2 40. Kxd2 Kd7 41. Kd3 Kc6 42. Kc4 a4 43. f4 h5 44. Kb4 Kd5 45. Kxa4 Ke4 46. Kb5 Kf3 47. Kc6 Kxg3 48. Kd6 Kxf4 49. Kxe6 g5 50. Kf6 gxh4 51. e6 h3 52. e7 h2 53. e8=Q h1=Q 54. Qe5+ Kg4 55. Qg5+ Kh3 56. Qxh5+ Kg2 57. Qe2+ Kg1 58. Qe1+ Kg2 59. Qe4+ Kg1 60. Qxh1+ Kxh1 1/2-1/2

[Event "January 2 Early 2024"]
[Site "https://www.chess.com"]
[Date "2024.01.02"]
[Round "6"]
[White "Korchynskyi, Mykola"]
[Black "Lewtak, Damian"]
[Result "0-1"]
[Board "61"]
[TimeControl "180+1"]
[WhiteFideId "34138005"]
[BlackFideId "1141724"]
[WhiteElo "2565"]
[BlackElo "2734"]
[WhiteTeam "UKR"]
[BlackTeam "POL"]
[WhiteClock "0:00:00"]
[BlackClock "0:00:23"]

1. d4 Nf6 2. c4 e6 3. Nc3 Bb4 4. Qc2 O-O 5. a3 Bxc3+ 6. Qxc3 d5 7. Bg5 dxc4 8. e3 c5 9. Rd1 Ne4 10. Bxd8 Nxc3 11. bxc3 Rxd8 12. Bxc4 b6 13. Ne2 Bb7 14. f3 Nd7 15. Kf2 Rac8 16. Bd3 Kf8 17. h4 h6 18. g4 Ke7 19. g5 c4 20. Bc2 b5 21. Rdg1 Rg8 22. e4 a6 23. Ng3 Bc6 24. Nh5 hxg5 25. hxg5 g6 26. Nf4 Rh8 27. e5 Nb6 28. Rh6 Rxh6 29. gxh6 Rh8 30. Rxg6 Be8 31. Rg7 Rxh6 32. Ng6+ Rxg6 33. Bxg6 Kf8 34. Rh7 fxg6 35. Ra7 Nd5 36. Rxa6 Nxc3 37. Rxe6 Nb1 38. Ke3 Nxa3 39. d5 c3 40. d6 b4 41. Rf6+ Kg7 42. Re6 Ba4 43. Re7+ Kf8 44. Rh7 b3 45. e6 c2 46. d7 c1=Q+ 47. Kf2 Qd2+ 48. Kg3 Bxd7 49. exd7 b2 50. Rh8+ Ke7 0-1

[Event "January 2 Early 2024"]
[Site "https://www.chess.com"]
[Date "2024.01.02"]
[Round "6"]
[White "Ginzburg, Yakov"]
[Black "Syaputra, Arifa Rizki"]
[Result "1/2-1/2"]
[Board "62"]
[TimeControl "180+1"]
[WhiteFideId "4157176"]
[BlackFideId "7105100"]
[WhiteElo "2561"]
[BlackElo "2728"]
[WhiteTeam "RUS"]
[BlackTeam "INA"]
[WhiteClock "0:00:06"]
[BlackClock "0:00:10"]

1. d4 Nf6 2. Nf3 d5 3. c4 e6 4. g3 dxc4 5. Bg2 Nc6 6. O-O Bd6 7. Na3 Bxa3 8. bxa3 O-O 9. a4 a6 10. Ba3 Re8 11. Rc1 Bd7 12. Rxc4 Rb8 13. Qd2 b5 14. Rcc1 b4 15. Bb2 Ne7 16. Qc2 Bc6 17. Rfd1 Rb7 18. a5 Bd5 19. Ne5 Bxg2 20. Kxg2 Qd5+ 21. f3 Qxa2 22. e4 Qxa5 23. Nc6 Nxc6 24. Qxc6 Qb5 25. Qxb5 Rxb5 26. Rxc7 Ra8 27. d5 exd5 28. Bxf6 gxf6 29. exd5 b3 30. d6 b2 31. d7 Rbb8 32. Rb1 Kg7 33. Rxb2 Rxb2+ 34. Kh3 Rd2 35. Rc8 Rxd7 36. Rxa8 Rd6 37. Kg4 Rb6 38. f4 Rc6 39. h4 h6 40. f5 Rc4+ 41. Kh5 Ra4 42. g4 a5 43. g5 hxg5 44. hxg5 fxg5 45. Kxg5 f6+ 46. Kh5 Kf7 47. Ra7+ Ke8 48. Kg6 Rg4+ 49. Kxf6 a4 50. Ke5 Kf8 51. Ke6 Re4+ 52. Kf6 Ke8 53. Ra8+ Kd7 54. Kf7 Kc6 55. f6 Kb5 56. Kg6 Rg4+ 57. Kf5 Rg1 58. f7 Rf1+ 59. Ke6 Kb4 60. f8=Q+ Rxf8 61. Rxf8 a3 62. Kd5 Kb3 63. Kd4 a2 64. Rb8+ Kc2 65. Ra8 Kb2 66. Rb8+ Kc2 67. Ra8 Kb2 68. Rxa2+ Kxa2 1/2-1/2

[Event "January 2 Early 2024"]
[Site "https://www.chess.com"]
[Date "2024.01.02"]
[Round "6"]
[White "Mgeladze, Tamaz"]
[Black "Manukyan, Sargis V."]
[Result "1/2-1/2"]
[Board "63"]
[TimeControl "180+1"]
[WhiteFideId "13601202"]
[BlackFideId "13303465"]
[WhiteElo "2706"]
[BlackElo "2560"]
[WhiteTeam "GEO"]
[BlackTeam "ARM"]
[WhiteClock "0:01:15"]
[BlackClock "0:00:18"]

1. c4 e5 2. g3 Nf6 3. Bg2 c6 4. Nf3 e4 5. Nd4 d5 6. cxd5 cxd5 7. d3 Nc6 8. Nxc6 bxc6 9. dxe4 Nxe4 10. Bxe4 dxe4 11. Qxd8+ Kxd8 12. Nc3 f5 13. Bg5+ Kc7 14. O-O-O Bd6 15. Rd2 h6 16. Bf4 Bxf4 17. gxf4 Be6 18. Rg1 Rhg8 19. h4 Bf7 20. Kc2 Rad8 21. Rxd8 Kxd8 22. Kd2 Ke7 23. Ke3 Kf6 24. Rd1 Ke7 25. Rd4 g5 26. hxg5 hxg5 27. fxg5 Rxg5 28. Ra4 Rh5 29. Rxa7+ Kf6 30. Ra6 Rh3+ 31. Kd2 Be8 32. b4 Ke5 33. a4 f4 34. Ra5+ Kd4 35. e3+ fxe3+ 36. fxe3+ Kc4 37. Rc5+ Kxb4 38. Nxe4 Rh2+ 39. Kd3 Kxa4 40. Re5 Bg6 41. Kc3 Bxe4 42. Rxe4+ Kb5 43. Re5+ c5 44. Re8 Rh3 45. Rb8+ Kc6 46. Kd3 Kd5 47. Rd8+ Kc6 48. Re8 Kd5 49. Rd8+ Kc6 50. Rg8 Kd5 51. Rg5+ Kd6 52. Ke4 Rh4+ 53. Kd3 Rh3 54. Rf5 Kc6 55. Ke4 Kb5 56. Rf8 Kc4 57. Rc8 Rh4+ 58. Kf5 Rh5+ 59. Kg4 Re5 60. Kf4 Rh5 61. e4 Rh4+ 62. Kf5 Kd4 63. Rd8+ Ke3 64. e5 c4 65. e6 Rf4+ 66. Ke5 Re4+ 67. Kf6 c3 68. e7 c2 69. Rc8 Kd2 70. Rxc2+ Kxc2 71. Kf7 Rxe7+ 72. Kxe7 1/2-1/2